 Dungeon Crawl Stone Soup version 0.22-a0-162-g33bf1272b0 (console) character file.

6471 Muffindrake the Covert (level 11, -10/74 HPs)
             Began as an Octopode Assassin on Feb 12, 2018.
             Mangled by a two-headed ogre
             ... wielding a +0 giant club
              (16 damage)
             ... on level 9 of the Dungeon.
             The game lasted 00:57:32 (10744 turns).

Muffindrake the Covert (Octopode Assassin)         Turns: 10744, Time: 00:57:33

Health: -10/74     AC:  4    Str: 11    XL:     11   Next: 0%
Magic:  20/20      EV: 17    Int: 13    God:
Gold:   384        SH:  0    Dex: 15    Spells: 10/10 levels left

rFire    . . .     SeeInvis +   j - +2 dagger (venom)
rCold    . . .     Gourm    .   (no shield)
rNeg     . . .     Faith    .   a - +1 hat
rPois    +         Spirit   .   l - amulet of magic regeneration
rElec    .         Reflect  .   g - ring of magical power
rCorr    .         Harm     .   r - ring of protection from magic
MR       +....                  B - ring of see invisible
Stlth    ++++++....             (no ring)
HPRegen  0.22/turn              (no ring)
MPRegen  0.42/turn              (no ring)
                                (no ring)
                                (no ring)

@: no status effects
A: almost no armour, stealthy swim, amphibious, 8 rings, constrict 8, iridescent
scales 1, camouflage 1, clumsy 1, poison resistance, gelatinous body 1
a: no special abilities


You were on level 9 of the Dungeon.
You were not hungry.

You visited 2 branches of the dungeon, and saw 10 of its levels.

You collected 384 gold pieces.

Inventory:

Hand Weapons
 i - a +1 dagger of speed
 j - a +2 dagger of venom (weapon)
 s - a +0 blowgun
 t - a +3 shortbow of freezing
Missiles
 c - 18 poisoned needles
 e - 3 needles of confusion
Armour
 a - a +1 hat (worn)
Jewellery
 g - a ring of magical power (left tentacle)
 l - an amulet of magic regeneration (around mantle)
 r - a ring of protection from magic (right tentacle)
 B - a ring of see invisible (on tentacle)
Wands
 x - a wand of enslavement (17)
Scrolls
 b - a scroll of amnesia
 m - a scroll of fog
 q - a scroll of immolation
 u - a scroll of magic mapping
 y - a scroll of enchant weapon
 A - 5 scrolls of remove curse
Potions
 h - a potion of flight
 o - 2 potions of magic
 p - 3 potions of lignification
 v - 2 potions of brilliance
Comestibles
 f - 9 rations


   Skills:
 + Level 6.9 Fighting
 * Level 9.7 Short Blades
 + Level 6.8 Throwing
 + Level 6.6 Dodging
 + Level 11.0 Stealth


You had 10 spell levels left.
You didn't know any spells.

Dungeon Overview and Level Annotations

Branches:
Dungeon (9/15)             Temple (1/1) D:6
   Lair: D:8-11         Orc: D:9-12

Altars:
Ashenzari
Elyvilon
Fedhas
Gozag
Hepliaklqana
Kikubaaqudgha
Makhleb
Nemelex Xobeh
Okawaru
Qazlal
Ru
Sif Muna
Trog
Uskayaw
Vehumet
Wu Jian
Xom
Yredelemnul
Zin
The Shining One

Shops:
D:9 [::

Annotations:
D:5 exclusion: oklob plant
D:8 Asanbosam's ghost, journeyman GnNe


Innate Abilities, Weirdness & Mutations

You cannot wear most types of armour.
You are very stealthy in the water. (Stealth+)
You are amphibious.
You can wear up to eight rings at the same time.
You can use your tentacles to constrict eight enemies at once.
Your skin changes colour to match your surroundings (Stealth+).
Your rubbery body absorbs attacks. (AC +1, EV +1)
You are partially covered in iridescent scales. (AC +2)
You are clumsy. (Dex -2)
Your system is resistant to poisons. (rPois)


Message History

Okay, then.
Aiming: Random Effects
Press: ? - help, Shift-Dir - straight line, f - two-headed ogre
Aim: a two-headed ogre, wielding a giant club and a giant spiked club (heavily wounded, in your thrall, friendly) Really fire at your two-headed ogre?
Your two-headed ogre seems to speed up.
The now-empty wand crumbles to dust.
Found a stone staircase leading down.
Found Bisheana's Book Shoppe.
The two-headed ogre is no longer charmed.
The two-headed ogre hits you with a giant club.
The two-headed ogre hits you with a giant spiked club!
The quasit gives a chilling moan.
The two-headed ogre hits you with a giant club!
The two-headed ogre hits you with a giant spiked club!!
* * * LOW HITPOINT WARNING * * *
There is a stone staircase leading down here.
You can't go up here!
The two-headed ogre hits you with a giant club!
You die...

.#8###⌠###8###....#..#...
.............##.....##...
.............###..#......
.........................
##8###8###8#.####....#...
#### ### ##### #....# #
..# #.# .# #....#
.#####.###.# #....#
...........######....##
........[........#....#
.......>........@#9##...#
...............5O#.#
##...
....∩..Y.........9.# ###
.....÷...........∩.#
..........####..#..#
######.#### ##.#..# # #(#
#..... # #(### ###....
#..(## #..... ###).#
...... ##.####


You could see a two-headed ogre, a gargoyle and a quasit.

Vanquished Creatures
  A two-headed ogre (D:8)
  A death yak (D:8)
  The ghost of Muffindrake the Sneak, a novice OpAs (D:4)
  A troll (D:9)
  Prince Ribbit (D:6)
  Sigmund (D:5)
  A basilisk (shapeshifter) (D:8)
  A hungry ghost (D:8)
  Edmund (D:6)
  Menkaure (D:6)
  The ghost of Muffindrake the Sneak, an amateur OpAs (D:3)
  A water moccasin (D:7)
  4 porcupines
  2 orc warriors
  An ice beast (D:4)
  A black bear (D:6)
  6 ogres
  2 phantoms
  A centaur (D:5)
  A big kobold (D:9)
  4 bullfrogs
  A scorpion (D:6)
  6 killer bees (D:9)
  2 crimson imps (D:7)
  6 hounds
  3 bullfrog skeletons
  7 orc priests
  4 orc wizards
  A centaur skeleton (D:7)
  7 worker ants
  3 iguanas
  A hound zombie (D:5)
  Robin (D:2)
  A worker ant zombie (D:7)
  4 gnolls (D:3)
  8 adders
  An ooze (D:4)
  An adder zombie (D:7)
  An adder skeleton (D:5)
  6 worms (D:2)
  A dart slug (D:2)
  2 leopard geckos
  15 orcs
  2 ball pythons (D:1)
  3 bats
  2 bat zombies (D:4)
  7 giant cockroaches
  12 goblins
  7 hobgoblins
  16 jackals
  8 kobolds
  4 quokkas
  A frilled lizard (D:2)
  A jackal skeleton (D:6)
  A leopard gecko zombie (D:6)
  A quokka zombie (D:5)
  5 rats
  A rat zombie (D:4)
187 creatures vanquished.

Vanquished Creatures (collateral kills)
  A death yak (D:9)
1 creature vanquished.

Vanquished Creatures (others)
  A bush (D:9)
  13 toadstools (D:5)
14 creatures vanquished.

Grand Total: 202 creatures vanquished

Notes
Turn   | Place    | Note
-------+----------+-------------------------------------------
     0 | D:1      | Muffindrake the Octopode Assassin began the quest for the Orb.
     0 | D:1      | Reached XP level 1. HP: 14/14 MP: 1/1
   224 | D:1      | Reached XP level 2. HP: 17/19 MP: 2/2
   362 | D:1      | Reached skill level 6 in Stealth
   868 | D:2      | Reached XP level 3. HP: 24/24 MP: 3/3
   978 | D:2      | Reached XP level 4. HP: 29/30 MP: 4/4
  1305 | D:2      | Found a faded altar of an unknown god.
  1393 | D:2      | Noticed Robin
  1416 | D:2      | Killed Robin
  1975 | D:2      | Reached XP level 5. HP: 35/35 MP: 5/5
  2048 | D:3      | Gained mutation: You are clumsy. (Dex -2) [potion of mutation]
  2048 | D:3      | Gained mutation: You are partially covered in iridescent scales. (AC +2) [potion of mutation]
  2048 | D:3      | Gained mutation: Your system is resistant to poisons. (rPois) [potion of mutation]
  2601 | D:3      | Found an iron altar of Okawaru.
  2821 | D:3      | Noticed Muffindrake's ghost (amateur OpAs)
  2898 | D:3      | Killed Muffindrake's ghost
  2898 | D:3      | Reached skill level 7 in Stealth
  2898 | D:3      | Reached XP level 6. HP: 37/42 MP: 6/6
  3076 | D:4      | Found an ancient bone altar of Kikubaaqudgha.
  3152 | D:4      | Reached XP level 7. HP: 46/46 MP: 7/7
  3282 | D:4      | Noticed Muffindrake's ghost (novice OpAs)
  3358 | D:4      | Killed Muffindrake's ghost
  3358 | D:4      | Reached skill level 5 in Short Blades
  3500 | D:4      | Reached XP level 8. HP: 54/54 MP: 8/8
  3753 | D:4      | Reached skill level 8 in Stealth
  4040 | D:4      | Found an ornate altar of the Wu Jian Council.
  4279 | D:5      | Entered Level 5 of the Dungeon
  4565 | D:5      | Noticed Sigmund
  4628 | D:5      | Killed Sigmund
  4753 | D:5      | Reached XP level 9. HP: 41/60 MP: 9/9
  4865 | D:5      | Found a blossoming altar of Fedhas.
  4878 | D:5      | Noticed an oklob plant
  5293 | D:6      | Noticed Edmund
  5329 | D:6      | Reached skill level 5 in Fighting
  5329 | D:6      | Reached skill level 9 in Stealth
  5337 | D:6      | Noticed Prince Ribbit
  5485 | D:6      | Killed Prince Ribbit
  5485 | D:6      | Reached skill level 5 in Throwing
  5705 | D:6      | Found a staircase to the Ecumenical Temple.
  5712 | Temple   | Entered the Ecumenical Temple
  6199 | D:6      | Found a hide-covered altar of Uskayaw.
  6348 | D:6      | Reached skill level 5 in Dodging
  6458 | D:6      | Noticed Menkaure
  6719 | D:6      | Found a radiant altar of Vehumet.
  6884 | D:6      | Killed Edmund
  7599 | D:6      | Killed Menkaure
  7680 | D:7      | Found a hazy altar of Hepliaklqana.
  8075 | D:7      | Reached XP level 10. HP: 66/68 MP: 10/10
  8106 | D:7      | Found a bloodstained altar of Trog.
  8203 | D:7      | Reached skill level 10 in Stealth
  8279 | D:7      | Found a deep blue altar of Sif Muna.
  8550 | D:8      | Noticed Asanbosam's ghost (journeyman GnNe)
  8621 | D:8      | Noticed a death yak
  8628 | D:7      | HP: 3/68 [porcupine's spines (16)]
  8846 | D:8      | Noticed a death yak
  8848 | D:8      | Noticed a death yak
  9256 | D:8      | Noticed a two-headed ogre
  9285 | D:8      | Killed a two-headed ogre
  9819 | D:8      | Killed a death yak
  9885 | D:9      | Found Agirut's Armour Emporium.
 10168 | D:9      | Found Kydwyora's Book Boutique.
 10210 | D:9      | Noticed a gargoyle
 10696 | D:9      | Noticed a two-headed ogre
 10715 | D:9      | Killed a death yak
 10715 | D:9      | Reached skill level 11 in Stealth
 10715 | D:9      | Reached XP level 11. HP: 48/74 MP: 11/11
 10737 | D:9      | Found Bisheana's Book Shoppe.
 10744 | D:9      | Mangled by a two-headed ogre

Vault maps used:
D:1:      eino_arrival_druids_welcome, minivault_11, minmay_misc_feat_plants
D:2:      chequers_ecumenical_altar_simple_redux, minmay_misc_feat_room,
          uniq_robin
D:3:      okawaru_altar_gauntlet_db, first_ration
D:4:      marbit_many_paths, lemuel_zombie_altar_kikubaaqudgha
D:5:      tgw_fedhas, uniq_sigmund
D:6:      kennysheep_little_box, minmay_temple_entry_metal_lava, basic_altar,
          uniq_edmund, uniq_menkaure, uniq_prince_ribbit1
D:7:      lemuel_blue_sif_altar, overflow_temple_1_default, basic_altar
D:8:      dpeg_lair_monsters, grunt_pizzeria, kennysheep_just_a_vault
D:9:      gammafunk_temple_overflow_forgotten, serial_shops, shop, shop, shop,
          serial_corexii_hall, corexii_hall_statues_i, corexii_hall_statues_i,
          nicolae_ru_path_of_blood, uniq_gastronok
Temple:   dshaligram_water_room_temple

Skill      XL: |  1  2  3  4  5  6  7  8  9 10 |
---------------+-------------------------------+-----
Stealth        | 6 7 8 9 11 | 11.0
Short Blades   | 3 4 5 6 8 9 |  9.7
Dodging        | 2 3 4 5 6 |  6.6
Fighting       | 3 4 5 6 |  6.9
Throwing       | 3 4 5 6 |  6.8

Action                   |  1- 3 |  4- 6 |  7- 9 | 10-12 || total
-------------------------+-------+-------+-------+-------++-------
Melee: Dagger            |    51 |   117 |   270 |   115 ||   553
       Constrict         |    12 |    31 |    43 |    12 ||    98
       Tentacles         |    10 |    21 |    51 |    20 ||   102
 Fire: Blowgun           |       |    26 |    71 |    26 ||   123
Evoke: Wand              |       |     2 |     8 |     6 ||    16
  Use: Scroll            |       |     8 |     9 |     9 ||    26
       Potion            |       |     1 |     1 |     1 ||     3
 Stab: Sleeping          |     5 |    11 |    21 |     9 ||    46
       Paralysed         |       |       |     1 |       ||     1
       Distracted        |       |       |     1 |       ||     1
  Eat: Ration            |       |     2 |     5 |     3 ||    10
Armor: Skin              |     3 |    14 |    27 |    11 ||    55
Dodge: Dodged            |    22 |    68 |   123 |    99 ||   312

Table legend:
 A = Spawn XP
 B = Non-spawn XP
 C = Spawn XP percentage of total XP
 D = Spawn monster count
 E = Non-spawn monster count
 F = Spawn count percentage of total count
 G = Total turns spent on level
                    A         B        C        D         E        F      G
               +---------+---------+-------+---------+---------+-------+---------
         Total |       0 |    9245 |   0.0 |       0 |     188 |   0.0 | 10744
               +---------+---------+-------+---------+---------+-------+---------
           D:1 |       0 |      17 |   0.0 |       0 |      10 |   0.0 |   555
           D:2 |       0 |     156 |   0.0 |       0 |      42 |   0.0 |  1489
           D:3 |       0 |     313 |   0.0 |       0 |      19 |   0.0 |  1012
           D:4 |       0 |    1391 |   0.0 |       0 |      30 |   0.0 |  1223
           D:5 |       0 |     690 |   0.0 |       0 |      19 |   0.0 |  1011
           D:6 |       0 |    1581 |   0.0 |       0 |      23 |   0.0 |  2208
           D:7 |       0 |    1234 |   0.0 |       0 |      22 |   0.0 |  1407
           D:8 |       0 |    2500 |   0.0 |       0 |       9 |   0.0 |   878
           D:9 |       0 |    1363 |   0.0 |       0 |      14 |   0.0 |   852
               +---------+---------+-------+---------+---------+-------+---------
